 Dungeon Crawl Stone Soup version 0.17.1-2-g5865329 (webtiles) character file.

107 Jerry the Conjurer (level 4, -3/29 HPs)
             Began as an Octopode Wizard on Feb 10, 2016.
             Slain by a gnoll sergeant
             ... wielding a +3 trident of freezing
              (5 damage)
             ... on level 3 of the Dungeon.
             The game lasted 00:10:46 (2351 turns).

Jerry the Conjurer (Octopode Wizard)                Turns: 2351, Time: 00:10:46

Health: -3/29      AC:  1    Str:  7    XL:     4   Next: 85%
Magic:  5/8        EV: 12    Int: 20    God:
Gold:   117        SH:  0    Dex: 10    Spells: 2 memorised, 6 levels left

rFire  . . .     SeeInvis .     k - +2 hand axe (drain)
rCold  . . .     Clarity  .     (no shield)
rNeg   . . .     SustAt   .     a - +0 hat
rPois  .         Gourm    .     (no amulet)
rElec  .         Spirit   .     (no ring)
rCorr  .         Warding  .     (no ring)
rMut   .         Stasis   .     (no ring)
MR     .....                    (no ring)
Stlth  +++.......               (no ring)
                                (no ring)
                                (no ring)
                                (no ring)

@: not resistant to hostile enchantments, fairly stealthy
A: almost no armour, amphibious, 8 rings, constrict 8, camouflage 1, gelatinous
body 1
a: no special abilities


You were on level 3 of the Dungeon.
You were not hungry.

You visited 1 branch of the dungeon, and saw 3 of its levels.

You collected 117 gold pieces.

Inventory:

Hand Weapons
 d - a +0 dagger
 e - a +0 whip
 k - a +2 hand axe of draining (weapon)
 q - a +0 spear
Armour
 a - a +0 hat (worn)
Scrolls
 f - 4 scrolls of identify {unknown}
 j - a scroll of teleportation {unknown}
 l - a scroll of fog {unknown}
 n - a scroll of immolation {unknown}
 r - a scroll of noise {unknown}
Potions
 g - a potion of agility {unknown}
 i - a potion of brilliance {unknown}
 m - a potion of heal wounds
 o - a potion of lignification {unknown}
Books
 b - a book of Minor Magic

   Spells                             Type                      Level
   a - Magic Dart                     Conjuration                  1
   b - Blink                          Translocation                2
   c - Call Imp                       Summoning                    2
   d - Repel Missiles                 Charms/Air                   2
   e - Slow                           Hexes                        2
   f - Conjure Flame                  Conjuration/Fire             3
   g - Mephitic Cloud                 Conjuration/Poison/Air       3
Comestibles
 c - 2 bread rations
 h - a slice of pizza
 p - 2 beef jerkies


   Skills:
 + Level 1.7 Fighting
 + Level 2.7 Dodging
 - Level 2.6 Stealth
 - Level 3.0 Spellcasting
 - Level 3.1 Conjurations
   Level 1.0 Summonings
 + Level 1.7 Translocations


You had 6 spell levels left.
You knew the following spells:

 Your Spells              Type           Power        Failure   Level  Hunger
a - Magic Dart            Conj           ###.         4%          1    None
b - Blink                 Tloc           N/A          14%         2    ##.....


Dungeon Overview and Level Annotations

Branches:
Dungeon (3/15)

Altars:


Innate Abilities, Weirdness & Mutations

You cannot wear most types of armour.
You are amphibious.
You can wear up to eight rings at the same time.
You can use your tentacles to constrict eight enemies at once.
Your skin changes colour to match your surroundings (Stealth).
Your rubbery body absorbs attacks (AC +1).


Message History

Casting: Magic Dart
Confirm with . or Enter, or press ? or * to list all spells.
Aiming: Magic Dart
Press: ? - help, Shift-Dir - straight line, f/p - gnoll sergeant
Aim: a gnoll sergeant, wielding a trident of freezing and wearing a ring mail (lightly wounded)
The magic dart hits the gnoll sergeant.
The gnoll sergeant is lightly wounded.
The gnoll sergeant hits you from afar with a trident of freezing!
The gnoll sergeant freezes you.
Casting: Magic Dart
Confirm with . or Enter, or press ? or * to list all spells.
Aiming: Magic Dart
Press: ? - help, Shift-Dir - straight line, f/p - gnoll sergeant
Aim: a gnoll sergeant, wielding a trident of freezing and wearing a ring mail (lightly wounded)
The magic dart hits the gnoll sergeant.
The gnoll sergeant is lightly wounded.
The gnoll sergeant hits you from afar with a trident of freezing!
* * * LOW HITPOINT WARNING * * *
The gnoll sergeant freezes you.
You die...

####.####
#.†#####
##.....#
#####.## #..#
##.### #...#
###.# #@# #)#
#g# #.#
...####.######(#
...............#
...#####)#####..
#.(#.. ##.#.#


You could see a gnoll sergeant.

Vanquished Creatures
  4 gnolls (D:3)
  2 adders (D:2)
  An ooze (D:3)
  A worm (D:2)
  2 giant geckos
  A giant cockroach (D:2)
  5 goblins
  5 hobgoblins
  A quokka (D:2)
  7 bats
  6 giant newts
  5 kobolds
  6 rats
46 creatures vanquished.

Notes
Turn   | Place    | Note
--------------------------------------------------------------
     0 | D:1      | Jerry the Octopode Wizard began the quest for the Orb.
     0 | D:1      | Reached XP level 1. HP: 11/11 MP: 4/4
    96 | D:1      | Reached XP level 2. HP: 15/17 MP: 1/6
   896 | D:2      | Reached XP level 3. HP: 21/21 MP: 7/7
  1204 | D:2      | Found a faded altar to an unknown god.
  1544 | D:2      | Learned a level 2 spell: Blink
  1577 | D:2      | Reached skill level 1 in Fighting
  1779 | D:2      | Reached XP level 4. HP: 15/28 MP: 5/8
  2180 | D:3      | Noticed a gnoll sergeant
  2351 | D:3      | Slain by a gnoll sergeant

Action                   |  1- 3 |  4- 6 || total
-------------------------+-------+-------++-------
Melee: Dagger            |     7 |       ||     7
       Hand axe          |    25 |     6 ||    31
       Whip              |     2 |       ||     2
       Spear             |     4 |       ||     4
 Cast: Magic Dart        |    61 |    30 ||    91
 Stab: Sleeping          |     6 |       ||     6
  Eat: Chunk             |     1 |     3 ||     4
